Cogmind - Beta 17.1 @@@ ROGUE MODE // 2026.09.11 @ 05:01:42 Player: J1ang-5h1 Result: Destroyed by K1-90Q(R) with Subdweller Machine Gun Performance ------------- Evolutions (0) 0 Regions Visited (2) 400 Robots Destroyed (41) 205 Value Destroyed (1046) 1046 Prototype IDs (4) 80 Alien Tech Used (0) 0 Bonus (5950) 5950 TOTAL SCORE: 7681 Bonus ------- Prayed to X0-1V1 5000 Major X0-1V1 Interference 950 Cogmind --------- Core Integrity 0/250 Matter 556/900 Energy 160/160 System Corruption 1% Temperature Cool (0) Movement Rolling (175) Ox5 Location -10/Subcaves Parts ------- > --- POWER (2) -------- Light Nuclear Core > --- PROPULSION (1) --- Compact Wheel > --- UTILITY (2) ------ Huge Storage Unit X0-1V1's Piety Tracker > --- WEAPON (2) ------- Medium Laser Heavy Battle Rifle > --- INVENTORY (25) --- Spiked Treads Compact Wheel Compact Wheel Compact Wheel Subdweller Monowheel Heat Sink Machine Analyzer Subdweller Optics Signal Interpreter Seismic Detector Scrap Shield Cobbler Unit Medium Laser Subdweller Laser Subdweller Beam Cannon Subdweller Machine Gun Subdweller Machine Gun Light Cannon Grenade Launcher Grenade Launcher Subdweller Shrapnel Launcher Mining Laser Scrap Shield Fragment (46) Peak State ------------ > --- POWER ------------ Light Nuclear Core > --- PROPULSION ------- Compact Wheel > --- UTILITY ---------- Huge Storage Unit X0-1V1's Piety Tracker > --- WEAPON ----------- Medium Laser Heavy Battle Rifle > --- INVENTORY -------- Spiked Treads Compact Wheel Compact Wheel Compact Wheel Subdweller Monowheel Subdweller Monowheel Heat Sink Small Storage Unit Machine Analyzer Subdweller Optics Subdweller Optics Signal Interpreter Improved Terrain Scanner Seismic Detector Scrap Shield Cobbler Unit Medium Laser Subdweller Beam Cannon Subdweller Machine Gun Light Cannon Grenade Launcher Grenade Launcher Mining Laser [Rating: 27] Favorites ----------- Power Light Ion Engine Engine Light Ion Engine Power Core Light Nuclear Core Propulsion Compact Wheel Treads Light Treads Wheel Compact Wheel Utility Seismic Detector Device Seismic Detector Storage Huge Storage Unit Weapon Medium Laser Energy Gun Medium Laser Ballistic Gun Heavy Battle Rifle Ballistic Cannon Light Cannon Launcher Grenade Launcher Special Weapon Mining Laser Build | -11 -10 -10 ------- Run | Yrd Mat Sub Slots Evolved . | . . . Power . | . . . Propulsion . | . . . Utility . | . . . Weapon . | . . . Parts Attached 26 | 8 10 8 Power 5 | 1 1 3 Engine 4 | 1 1 2 Core 1 | . . 1 Reactor . | . . . Propulsion 7 | 3 2 2 Treads 2 | 2 . . Leg . | . . . Wheel 5 | 1 2 2 Hover . | . . . Flight . | . . . Utility 4 | 2 2 . Device 2 | 1 1 . Storage 2 | 1 1 . Processor . | . . . Hackware . | . . . Protection . | . . . Artifact . | . . . Weapon 10 | 2 5 3 Energy Gun 3 | 2 . 1 Energy Cannon . | . . . Ballistic Gun 3 | . 1 2 Ballistic Cannon 2 | . 2 . Launcher 1 | . 1 . Special Weapon 1 | . 1 . Impact Weapon . | . . . Slashing Weapon . | . . . Piercing Weapon . | . . . Special Melee Weapon . | . . . Unidentified Prototypes 1 | . 1 . Parts Lost 6 | . 1 5 Power 2 | . . 2 Propulsion 1 | . . 1 Utility . | . . . Weapon 3 | . 1 2 Highest Loss Streak 2 | . 1 2 To Critical Strikes . | . . . Average Backups 14 | 4 12 22 Power 1 | 1 1 . Propulsion 4 | 1 3 6 Utility 3 | . 2 7 Weapon 5 | 1 4 9 Tool/Special . | . . . Unused Backups 26 | 1 . 25 Power . | . . . Propulsion 8 | . . 8 Utility 9 | 1 . 8 Weapon 9 | . . 9 Tool/Special . | . . . Average Slot Usage (%) 96 | . 99 89 Engine 11 | . 14 5 Core 2 | . . 8 Treads 9 | . 14 . Wheel 15 | . 13 18 Device 14 | . 14 14 Storage 14 | . 14 14 Energy Gun 17 | . 19 12 Ballistic Gun 2 | . . 6 Ballistic Cannon 6 | . 7 3 Special Weapon 1 | . . 2 Peak Build Rating 27 | 7 22 27 Average Rating 12 | 5 8 24 On Entrance 9 | . 7 22 Avg Prop Armor Cover (%) . | . . . Naked Turns . | . . . Heaviest Build 96 | 12 92 96 Greatest Support 40 | 40 40 32 Greatest Overweight (x) 5 | 1 3 5 Average Overweight (x) 1 | . 1 3 Largest Inventory Capacity 25 | 8 25 25 Average Capacity 17 | 7 14 25 Most Carried 25 | 7 25 25 Average Carried 15 | 4 12 24 Final Capacity 25 | 8 25 25 Final Carried 25 | 6 25 25 Class Distribution -------------------- 100% | Mutant Dominant Class ---------------- Mutant | -10/Materials Mutant | -10/Subcaves Resources | -11 -10 -10 ----------- Run | Yrd Mat Sub Matter Collected 1403 | 280 503 620 Remotely . | . . . Salvage Created 1163 | 226 557 380 Parts 76 | 22 33 21 Haulers Intercepted 1 | . 1 . Recyclers Shooed . | . . . Parts Field Recycled . | . . . Retrieved Matter . | . . . Parts Self-Destructed 14 | . . 14 Prevented . | . . . Parts Restored . | . . . Kills | -11 -10 -10 ------- Run | Yrd Mat Sub Combat Hostiles Destroyed 24 | . 10 14 Guns 8 | . 4 4 Cannons 7 | . 5 2 AOE 9 | . 1 8 Classes Destroyed 9 | 2 6 1 Worker 1 | . 1 . Tunneler 9 | 7 2 . Hauler 1 | . 1 . Recycler 1 | 1 . . Mechanic 1 | . 1 . Operator 1 | . 1 . Watcher 3 | . 3 . Grunt 17 | . 10 7 Subdweller 7 | . . 7 Best Kill Streak 6 | 3 6 5 Combat Bots Only 5 | . 4 5 Max Kills in Single Turn 2 | 1 1 2 Gunslinging . | . . . Exploded 2 | . 1 2 Melee . | . . . Uniques/NPCs Destroyed . | . . . Combat | -11 -10 -10 -------- Run | Yrd Mat Sub Hostile Shots Fired 88 | . 33 55 Missed 30 | . 9 21 Hits 58 | . 24 34 Projectile 58 | . 24 34 Critical Strikes 2 | . 1 1 Damage Taken 1093 | . 369 724 Core 251 | . 38 213 Absorbed by Shields . | . . . Core Remaining (%) 100 | 100 . . Volleys Fired 125 | 27 59 39 Largest 2 | 2 2 2 Hottest 100 | 90 100 100 Shots Fired 222 | 54 110 58 Gun 128 | 54 60 14 Cannon 66 | . 42 24 Launcher 15 | . 5 10 Special 13 | . 3 10 Kinetic 81 | . 52 29 Thermal 126 | 54 53 19 Explosive 15 | . 5 10 Electromagnetic . | . . . Robot Hit Streak 13 | 4 9 13 Robot Miss Streak 5 | 4 5 1 Penetration Max . | . . . Secondary Targets 1 | . 1 . Max Gunslinging Chain 1 | . 1 . Shots Hit Robots 128 | 27 60 41 Core Hits 59 | 9 30 20 Critical Kills . | . . . Critical Parts Destroyed . | . . . Critical Strikes 7 | 1 5 1 Burn 3 | 1 2 . Blast 4 | . 3 1 Melee Attacks . | . . . Impact . | . . . Slashing . | . . . Piercing . | . . . Sneak Attacks . | . . . Combat Hostiles . | . . . Follow-up Attacks . | . . . Damage Inflicted 2679 | 361 986 1332 Guns 995 | 361 446 188 Cannons 775 | . 449 326 Explosions 909 | . 91 818 Melee . | . . . Ramming . | . . . Kinetic 975 | . 561 414 Thermal 795 | 361 334 100 Explosive 909 | . 91 818 Electromagnetic . | . . . Impact . | . . . Slashing . | . . . Piercing . | . . . Highest Corruption 1 | . . 1 Average Corruption 1 | . . 1 Corruption Purged . | . . . Corruption Blocked . | . . . Effects 1 | . . 1 Energy Discharges 1 | . . 1 Overload Shots . | . . . Overflow Damage 1 | . 1 . Projectiles 1 | . 1 . Explosions . | . . . Melee . | . . . Knockbacks 8 | . 5 3 Impact . | . . . Kinetic 7 | . 4 3 Secondary 1 | . 1 . Self-Inflicted Damage 34 | . 34 . Shots 1 | . 1 . Rammed . | . . . Targets Rammed . | . . . Kicked . | . . . Crushed . | . . . Highest Temperature 214 | 214 90 . Average Temperature 51 | 72 36 . Received Heat Transfer 429 | . 210 219 Siege Activations . | . . . Martial Activations . | . . . Shielding Activations . | . . . Robots Disrupted . | . . . Combat Hostiles . | . . . Robots Corrupted . | . . . Combat Hostiles . | . . . Parts Fried . | . . . Impact Corruptions . | . . . Robots Melted . | . . . Combat Hostiles . | . . . Parts Melted 3 | 1 . 2 Heat Transferred 2340 | 1040 1004 296 Parts Sabotaged . | . . . Parts Stolen . | . . . Parts Stripped . | . . . Power Chain Reactions . | . . . Alert | -11 -10 -10 ------- Run | Yrd Mat Sub Maximum Alert Level 1 | . 1 . Low Security (%) 99 | 100 99 . Level 1 . | . . . Level 2 . | . . . Level 3 . | . . . Level 4 . | . . . Level 5 . | . . . High Security . | . . . Max Security . | . . . Peak Influence 200 | 10 200 . Initial . | . . . Average 48 | 1 53 . Influence Increases 640 | 40 460 140 Destroy 0b10 Robot/C 340 | . 200 140 Destroy 0b10 Robot/NC 85 | 40 45 . Destroy Leader 68 | . 68 . Successful Hack 48 | . 48 . Select Force Hacks 60 | . 60 . Destroy Structure 24 | . 24 . Lose Combat Pursuer 15 | . 15 . Influence Decreases 640 | 40 280 320 Entered New Map 87 | . . 87 Time Decay 523 | 40 270 213 Lost Part 30 | . 10 20 Squads Dispatched 5 | . 5 . Investigation 3 | . 3 . Extermination . | . . . Reinforcement 2 | . 2 . Assault . | . . . Garrison . | . . . Intercept . | . . . Searches Triggered . | . . . Construction Impeded . | . . . Haulers Reinforced . | . . . Active Scanning Responses . | . . . Cargo Convoy Interrupts . | . . . Stealth | -11 -10 -10 --------- Run | Yrd Mat Sub Distress Signals 2 | . 2 . Communications Jammed . | . . . Distress Signals . | . . . Times Spotted 40 | . 23 17 Peak Tracking Total 4 | . 3 4 Tactical Retreats 2 | . 2 . Traps | -11 -10 -10 ------- Run | Yrd Mat Sub Traps Triggered 2 | . 2 . Indirectly . | . . . Trap Hack Attempts . | . . . Triggered . | . . . Disarmed . | . . . Reprogrammed . | . . . Reused . | . . . Traps Extracted . | . . . Installed . | . . . Triggered . | . . . Machines | -11 -10 -10 ---------- Run | Yrd Mat Sub Machines Disabled . | . . . Max in Single Turn . | . . . Machines Repaired . | . . . Machines Dismantled . | . . . Machines Sabotaged . | . . . Overloaded Fab Kills . | . . . Hacking | -11 -10 -10 --------- Run | Yrd Mat Sub Machines Accessed 9 | . 9 . Terminals 6 | . 6 . Fabricators . | . . . Repair Stations 1 | . 1 . Recycling Units 2 | . 2 . Scanalyzers . | . . . Garrison Access . | . . . Total Hacks 30 | . 30 . Successful 17 | . 17 . Failed 13 | . 13 . Catastrophic . | . . . Database Lockouts . | . . . Manual 23 | . 23 . Terminals 24 | . 24 . Fabricators . | . . . Repair Stations 2 | . 2 . Recycling Units 4 | . 4 . Scanalyzers . | . . . Garrison Access . | . . . Terminal Hacks 5 | . 5 . Record 1 | . 1 . Robot Analysis 3 | . 3 . Prototype ID Bank 1 | . 1 . Fabricator Hacks . | . . . Repair Station Hacks 1 | . 1 . Scan Component 1 | . 1 . Recycling Unit Hacks 2 | . 2 . Report Inventory 2 | . 2 . Scanalyzer . | . . . Garrison Access Hacks . | . . . Unauthorized Hacks 9 | . 9 . Terminals 7 | . 7 . Botnet 2 | . 2 . Skim 5 | . 5 . Fabricators . | . . . Repair Stations . | . . . Recycling Units 2 | . 2 . Tunnel 2 | . 2 . Scanalyzers . | . . . Garrison Access . | . . . Data Cores Recovered . | . . . Used . | . . . Hacking Detections 7 | . 7 . Full Trace Events 1 | . 1 . Feedback Events . | . . . Feedback Blocked . | . . . Robot Schematics Acquired . | . . . Robots Built . | . . . Authchips . | . . . Time . | . . . Total Robot Build Rating . | . . . Part Schematics Acquired . | . . . Parts Built . | . . . Authchips . | . . . Time . | . . . Total Part Build Rating . | . . . Part Studies Acquired . | . . . Parts Repaired . | . . . Time . | . . . Parts Recycled . | . . . Recycled Matter . | . . . Retrieved Matter . | . . . Retrieved Components . | . . . Parts Scanalyzed . | . . . Part Schematics Acquired . | . . . Parts Damaged . | . . . Bothacking | -11 -10 -10 ------------ Run | Yrd Mat Sub Used RIF Installer . | . . . Robots Hacked . | . . . Non-combat . | . . . Combat . | . . . Robot Hacks Applied . | . . . Relay Couplers Released . | . . . Fabnet Peak Effective % . | . . . Robots Rewired . | . . . Allies Hacked . | . . . Hacks Repelled . | . . . Allies | -11 -10 -10 -------- Run | Yrd Mat Sub Total Allies . | . . . Largest Group . | . . . Highest-Rated Group . | . . . Highest-Rated Ally . | . . . Total Orders . | . . . Ally Attacks . | . . . Total Damage . | . . . Kills . | . . . Allies Corrupted . | . . . Allies Melted . | . . . X0-1V1 Amusement Gains 21 | . 21 . Average Entertainment 12 | . 21 12 Good Acts 6 | . . 6 Bad Acts 6 | . . 6 Intel | -11 -10 -10 ------- Run | Yrd Mat Sub Active Infowar (turns) 2520 | 13 2507 . Seismic 2520 | 13 2507 . Robot Analysis Total 3 | . 3 . Derelict Logs Recovered 1 | . . 1 Drone Launches . | . . . Drone Recoveries . | . . . Exploration | -11 -10 -10 ------------- Run | Yrd Mat Sub Turns Passed 3937 | 253 2517 1167 Spaces Moved 2020 | 106 1270 644 Core 14 | 14 . . Treads 578 | 75 503 . Legs . | . . . Wheels 1428 | 17 767 644 Hover . | . . . Flight . | . . . Fastest Speed 50 | 50 90 130 Average Speed 143 | 137 137 156 Slowest Speed 175 | 160 160 175 Overloaded Moves . | . . . Propulsion Burnouts . | . . . Robots Hopped . | . . . Potential Cave-ins . | . . . Cave-ins Triggered . | . . . Exploration Rate (%) 46 | 4 96 39 Regions Visited 2 Branch Regions 1 Pre-discovered Areas 3 | . 2 1 Known Exits Taken . | . . . Unknown Exits Taken 2 | 1 1 . Scrap Searched 6 | . . 6 Spaces Dug 3 | . 3 . Terrain Destroyed 61 | . 30 31 Melee . | . . . Projectile 3 | . 3 . AOE 58 | . 27 31 Terrain Rammed . | . . . Walls Destroyed . | . . . Machines Disabled . | . . . Actions | -11 -10 -10 --------- Run | Yrd Mat Sub Total 2801 | 160 1911 730 Wait 536 | 5 531 . Move 2018 | 105 1269 644 Hop . | . . . Pick Up 52 | 14 22 16 Fast Attach 4 | . 4 . Attach 15 | 7 2 6 Detach . | . . . Swap 33 | 1 21 11 Drop 18 | 1 3 14 Fire 125 | 27 59 39 Melee . | . . . Ram . | . . . Kick . | . . . Crush . | . . . Escape Stasis . | . . . Rewire . | . . . Trap . | . . . Miscellaneous . | . . . Route ------- -11/Scrapyard -10/Materials (discovered 6 exits: *Mat x3 / [*Min x2] / [*Sub]) -10/Subcaves (discovered 2 exits: Mat / Rec) History --------- Turn | Location | Event 23 | -11/Scrapyard | Discovered new exit (range 15) 254 | -11/Scrapyard | Entered Materials 272 | -10/Materials | Discovered new exit (range 15) 300 | -10/Materials | Build established: Mutant 407 | -10/Materials | Discovered new exit (range 9) 682 | -10/Materials | Discovered new exit (range 3) 754 | -10/Materials | Derelicts attacked the area 1601 | -10/Materials | Discovered new exit (range 16) 1861 | -10/Materials | Discovered new exit (range 7) 2395 | -10/Materials | Discovered new exit (range 12) 2537 | -10/Materials | Identified exit to Materials 2662 | -10/Materials | Learned Storage security intel 2685 | -10/Materials | Learned Storage stockpile data 2758 | -10/Materials | Prayed at D.C.S.S. Altar Unit 2771 | -10/Materials | Entered Subcaves 2992 | -10/Subcaves | X0-1V1 sent hostile G-34 Mercenary (x4) 2994 | -10/Subcaves | Core integrity fell below 50% 3048 | -10/Subcaves | Shifting Twisted Machinery released Spk. Treads 3052 | -10/Subcaves | Shifting Twisted Machinery released Sub. Machine Gun 3131 | -10/Subcaves | X0-1V1 mutated your Propulsion slot to Power slot 3196 | -10/Subcaves | X0-1V1 sent hostile G-34 Mercenary (x3) 3216 | -10/Subcaves | Identified exit to Recycling 3216 | -10/Subcaves | X0-1V1 revealed exit location to -7/Recycling 3374 | -10/Subcaves | A swath of the cavern ceiling suddenly collapsed 3436 | -10/Subcaves | Learned location of Zion (-6) 3457 | -10/Subcaves | Disturbed a concealed Subdweller 3467 | -10/Subcaves | Disturbed a concealed Subdweller 3475 | -10/Subcaves | Core integrity fell below 20% 3769 | -10/Subcaves | Identified exit to Materials 3769 | -10/Subcaves | X0-1V1 revealed exit location to -8/Materials 3938 | -10/Subcaves | Destroyed by K1-90Q(R) with Subdweller Machine Gun Last Messages --------------- 03544_ Acquired Sub. Laser. 03545_ Subatomizers dissect the Battle Rifle. 03545_ Acquired 48 matter. 03547_ Dropped Broken Sub. Monowheel. 03553_ Acquired Sub. Shrapnel Launcher. 03554_ Dropped Sml. Storage Unit. 03556_ Acquired Scrap Shield Fragment. 03565_ Subatomizers dissect the Battle Rifle. 03604_ Sight range returns to normal. 03688_ X0-1V1: "Watch where you're going!" (+5 sight range) 03769_ X0-1V1: "I guarantee there's even more fun over that way." 03769_ EXIT=REVEALED: MATERIALS 03875_ UZ-BD6(R): "LEAVESUB!" 03876_ UZ-BD6(R) destroyed. 03887_ Acquired 59 matter. 03891_ Acquired 17 matter. 03895_ System corrupted: Energy discharge (-49). 03938_ X0-1V1 howls with laughter! Map ----- +----------------------------------------------------+ | ????????????????????????????????????>????????????? | | ?????????????????????????????????????????????????? | | ?????????????????????????????????????????????????? | | ?????????????????????????????????????????????????? | | ?????????????????????????????????????????????????? | | ?????????????????????????????????????????????????? | | ?????????????????????????????????????????????????? | | ?????????????????????????????????????????????????? | | ?????????????????????????????????????????????????? | | ?????????????????????????????????????????????????? | | ?????????????????????????????????????????????????? | | ?????????????????????????????????????????????????? | | ????????????????????????????????####?????????????? | | ??????????????????????????##???# #?????????????? | | ?????????????????????????? #### #?????????????? | | ?????????????????????????? #?????????????? | | ?????????????????????????? #?????????????? | | ?????????????????????????? #?????????????? | | ?????????????????????????? #?????????????? | | ?????????????????????????? #?????????????? | | ????????????????????###??? #??????????????? | | ???????????????????## ### #??????????????? | | ??????????????#????# ???????????????? | | ????????? " ##" ### #?????????????????? | | ??????????"""" ##????????????????? | | ??????????""""R @ ####?????????????? | | ??????????"" ""R ## ????? | | ????????????????? ??## ## # #### #??????? | | ??????????????????# ### #???#??????? #????????? | | ??????????????????# ##?????????? ?????????? | | ??????????????????# #??????????? ?????????? | | ?????????????????## ###???#????? ##????????? | | ?????????????????# #### ##### #????????? | | ?????????????????#### ### ## #?????????? | | ????????????????????###??# #?????????? | | ?????????????????????????## # # ##????????? | | ??????????????????????????## ## #????????? | | ???????????????????????????# ### # #????????? | | ??????????????????????????# #### ##????????? | | ??????????????????????????# #### #????????? | | ?????????????????????????# #?# #????????? | | ????????????????????????# ##?## ## #????????? | | ???????????????????????# #???## # #####????? | | ??????????????????????# #????# ## ## #????? | | ?????????????????????# #?????# #??## | | ?????????????????????# #?????## # #? | | ?????????????????????# #?????## ## | | ?????????????????????##??????# | = | | ?????????????????????????????# = ! ### | | ?????????????????????????????# ## ! * ##"#? | +----------------------------------------------------+ Best States ------------- Heat Dissipation 25 Energy Generation 24 Energy Capacity 260 Matter Stores 556 Matter Capacity 900 Sight Range 21 Terrain Scan Density 10 Evasion (%) 50 Recoil Reduction 2 Item Schematics ----------------- None Robot Schematics ------------------ None Fabricated ------------ Nothing Repaired ---------- Nothing Studied --------- None Alien Tech Used ----------------- None Achievements -------------- None Challenges ------------ None Game ------ Seed HybridCargoPlateshifter Manual? 0 Play Time 00:30:34 Cumulative 432.2 hours Start 2026.09.11 @ 04:32:11 End 2026.09.11 @ 05:01:42 Sessions 1 Manual Loads 0 Difficulty Rogue Special Mode None Game No. 313 Rogue 303 Adventurer 0 Explorer 10 Win Type - Total 5 Types 5/0/0/0/0/0/0/0/0/0 Lore% 82 Gallery% 67 Achievement% 47 Wizard Run 0 Options --------- Layout 2 ASCII 0 Keyboard 0 Movement Arrows Keybinds 1 Fullscreen 1 Font 24/Smallcaps Map View 50x44 Zoom Use 0% Tactical HUD 1 Map Filters NONE Filters NONE Steam 1 RUN: e22353a7-b15f-45e4-980f-f3e0df5da341